 Dungeon Crawl Stone Soup version 0.31.0-11-ge490571c62 (webtiles) character file.

Game seed: 6142393653081191518

133862 qw the Acrobat (level 16, -16/85 HPs)
             Began as a Spriggan Hunter on Feb 4, 2024.
             Was an Elder of Okawaru.
             Killed from afar by a salamander tyrant (45 damage)
             ... with a flame surge
             ... on level 3 of the Snake Pit.
             The game lasted 00:13:21 (26114 turns).

qw the Acrobat (Spriggan Hunter)                   Turns: 26114, Time: 00:13:22

Health: -16/85     AC: 11    Str:  7    XL:     16   Next: 60%
Magic:  24/24      EV: 56    Int: 11    God:    Okawaru [****..]
Gold:   172        SH:  0    Dex: 32    Spells: 15/15 levels left

rFire   . . .        j - +5 orcbow (freeze)
rCold   . . .        (shield currently unavailable)
rNeg    . . .        x - +3 troll leather armour
rPois   .            w - +2 hat
rElec   .            q - +2 cloak
rCorr   .            (gloves unavailable)
SInv    +            (boots unavailable)
Will    ++...        s - amulet of the acrobat
Stlth   +++          v - +6 ring of dexterity
HPRegen 1.14/turn    b - +5 ring of evasion
MPRegen 0.19/turn

%: acrobat
@: finesse-ful, weakened, very quick
A: very small, no large weapons, unfitting armour, see invisible, speed 3
a: Renounce Religion, Heroism, Finesse


You were on level 3 of the Snake Pit.
You worshipped Okawaru.
Okawaru was greatly pleased with you.
You visited 5 branches of the dungeon, and saw 26 of its levels.
You also visited: Gauntlet.

You collected 2355 gold pieces.
You spent 2183 gold pieces at shops.


Innate Abilities, Weirdness & Mutations

You are very small and have problems with some larger weapons.
You are too small for most types of armour.
You have supernaturally acute eyesight. (SInv)
You cover ground extremely quickly. (Speed+++)


   Skills:
 - Level 10.0 Fighting
 - Level 18.0 Ranged Weapons
 - Level 2.1 Armour
 + Level 24.7 Dodging
 - Level 1.5 Stealth
 - Level 10.0 Invocations


You had 15 spell levels left.
You didn't know any spells.
Your spell library was empty.

Inventory:

Hand Weapons
 j - a +5 orcbow of freezing (weapon)
Armour
 q - a +2 cloak (worn)
 w - a +2 hat (worn)
 x - a +3 troll leather armour (worn)
Jewellery
 b - a +5 ring of evasion (right hand)
 s - an amulet of the acrobat (around neck)
 v - a +6 ring of dexterity (left hand)
Wands
 h - a wand of roots (44)
 i - a wand of mindburst (21)
 o - a wand of polymorph (37)
Scrolls
 k - a scroll of enchant armour
 l - 5 scrolls of teleportation
 n - 17 scrolls of identify
Potions
 a - 12 potions of curing
 c - 5 potions of mutation
 d - 8 potions of enlightenment
 e - 2 potions of heal wounds
 f - 2 potions of haste
 g - 6 potions of might
 z - a potion of cancellation

Dungeon Overview and Level Annotations

Branches:
Dungeon (15/15)            Temple (1/1) D:5            Lair (5/5) D:11
 Shoals (0/4) Lair:3        Snake (3/4) Lair:2        Slime (0/5) Lair:4
    Orc (2/2) D:11            Elf (0/3) Orc:2        Vaults (0/5) D:14
 Depths (0/4) D:15        Gauntlet (visited)

Altars:
Ashenzari
Cheibriados
Dithmenos
Elyvilon
Fedhas
Gozag
Hepliaklqana
Kikubaaqudgha
Makhleb
Nemelex Xobeh
Okawaru
Qazlal
Ru
Sif Muna
Trog
Uskayaw
Vehumet
Wu Jian
Xom
Yredelemnul
Zin
The Shining One

Shops:
D:1 [?:   D:5 *   D:13 :   D:15 [   Orc:2 *[*!

Annotations:
D:11 exclusion: oklob plant
Snake:2 1 runed translucent door
Snake:3 Nikola


Message History

Nikola is lightly wounded.
You shoot an arrow. The arrow hits Nikola!
The arrow freezes Nikola.
Nikola is lightly wounded.
The salamander tyrant gazes fiercely through you!
You feel as though you will be weak longer.
You shoot an arrow. The arrow barely misses Nikola.
You shoot an arrow. The arrow hits Nikola!!
The arrow freezes Nikola!
Nikola is moderately wounded.
Nikola misses you.
A salamander comes into view.
It is wielding a +2 trident of freezing.
The salamander tyrant gazes fiercely through you!
You feel as though you will be weak longer.
You shoot an arrow. The arrow hits Nikola!!
The arrow freezes Nikola!
Nikola is heavily wounded.
You shoot an arrow. The arrow hits Nikola!
The arrow freezes Nikola.
Nikola is severely wounded.
Nikola completely misses you.
You shoot an arrow. The arrow hits Nikola!
The arrow freezes Nikola.
Nikola is severely wounded.
A salamander mystic comes into view. It is wielding a +0 quarterstaff.
Enter note:
Enter note:
Enter note:
26110 ||| RETREEEEATING.
Nikola gestures wildly while chanting.
Nikola blinks!
You shoot an arrow. The arrow completely misses Nikola.
You shoot an arrow. The arrow hits Nikola!!
The arrow freezes Nikola.
Nikola is almost dead.
You shoot an arrow. The arrow hits the naga mage!
The arrow freezes the naga mage.
The naga mage is almost dead.
You shoot an arrow. The arrow hits the naga mage!!
The arrow freezes the naga mage.
You kill the naga mage!
Okawaru accepts your kill.
The salamander tyrant calls gouts of flame from the lava!
The flame surge hits you!!!
Ouch! That really hurt!
You die...

###### ###...$...........
#....# #.###.............
#....####'#.#S......#.....
#...#'....#.#............#
#...#.....'.#............#
##..##..#.#.#...N........#
#....##'###.#.NN........(#
..#......~<~.##............#
..##..###@.@##..............
...####.#ยค###..N............
..N....(NN.NNNS.N...........
#........########.........N
####....###....#.#.........N
#......N# .......'..........
#.####..##.......#..####....
# ##..#.......#...###....
#...#.......#..........


You could see Nikola and a salamander tyrant (strong).

Vanquished Creatures
  Vashnia (Snake:2)
  Frances (Snake:2)
  Kirke (D:12)
  Roxanne (Snake:3)
  Louise (Snake:3)
  A dire elephant (Lair:5)
  A minotaur (Gauntlet)
  An entropy weaver (shapeshifter) (D:12)
  Snorg (D:12)
  2 ettins
  4 hydras
  5 vault guards (D:14)
  A catoblepas (Lair:5)
  An ogre mage (D:14)
  3 boulder beetles
  4 centaur warriors
  A death knight (D:15)
  A deep troll shaman (Lair:5)
  4 two-headed ogres
  5 anacondas
  5 naga warriors
  2 death scarabs (Gauntlet)
  3 tengu warriors (D:14)
  9 death yaks
  A deep troll earth mage (D:15)
  Amaemon (Lair:2)
  6 shock serpents
  10 naga sharpshooters
  Sonja (D:12)
  A deep elf knight (D:14)
  2 skeletal warriors (D:15)
  4 skysharks
  4 salamander mystics
  2 naga ritualists (Snake:2)
  4 mana vipers
  6 slime creatures
  A phantasmal warrior (D:15)
  14 ugly things
  A harpy (shapeshifter) (D:14)
  6 orc knights
  Pikel (D:8)
  A deep elf pyromancer (D:12)
  2 cyclopes
  7 salamanders
  2 orc sorcerers
  3 manticores
  3 kobold blastminers (Orc:2)
  26 black mambas
  3 meliai
  5 naga magi
  An eye of devastation (Gauntlet)
  A torpor snail (Lair:2)
  18 elephants
  2 unseen horrors
  14 cane toads
  An orange demon (Lair:3)
  A gargoyle (D:14)
  A kobold demonologist (D:12)
  9 komodo dragons
  2 unseen horrors (shapeshifter)
  3 rime drakes
  2 efreet
  A yaktaur (D:14)
  A polar bear (shapeshifter) (D:15)
  3 merfolk (Lair:3)
  7 trolls
  3 blink frogs (Lair:2)
  A tarantella (shapeshifter) (D:15)
  3 hornets (Gauntlet)
  3 polar bears
  A glass eye (Gauntlet)
  4 dream sheep (Lair:5)
  3 spectral black mambas (Gauntlet)
  A vampire (D:10)
  A centaur simulacrum (D:15)
  A shadow (D:13)
  4 wraiths
  10 wyverns
  4 basilisks
  41 yaks
  Grum (Lair:1)
  2 steam dragons
  4 humans
  4 wargs
  4 hogs (D:12)
  8 vampire mosquitoes
  17 nagas
  15 water moccasins
  A spectral torpor snail (Gauntlet)
  2 black bears
  2 sky beasts (D:6)
  36 orc warriors
  6 ogres
  17 centaurs
  19 wolves
  A lemure (D:8)
  3 kobold brigands
  12 bullfrogs
  2 gnoll sergeants (D:8)
  2 two-headed ogre simulacra (Orc:1)
  2 cane toad simulacra (Orc:1)
  4 scorpions
  9 wights
  3 electric eels
  2 howler monkeys
  3 bombardier beetles
  11 orc priests
  3 jellies
  2 hounds (D:6)
  4 gnoll boudas
  Jessica (D:3)
  3 iguanas
  Ijyb (D:3)
  9 orc wizards
  A troll simulacrum (Orc:1)
  A polar bear simulacrum (Orc:1)
  A wolf simulacrum (Orc:1)
  25 gnolls
  7 adders
  A naga simulacrum (Orc:1)
  2 shadow imps (D:6)
  2 white imps
  An ufetubus (D:6)
  5 dart slugs
  3 ribbon worms
  80 orcs
  12 ball pythons
  5 bats
  6 endoplasms
  2 giant cockroaches (D:2)
  5 goblins
  9 hobgoblins
  8 jackals
  2 quokkas
  3 frilled lizards
  19 kobolds
  8 rats
746 creatures vanquished.

Vanquished Creatures (others)
  An orc priest (Orc:2)
1 creature vanquished.

Grand Total: 747 creatures vanquished

Notes
Turn   | Place    | Note
-------+----------+-------------------------------------------
     0 | D:1      | qw the Spriggan Hunter began the quest for the Orb.
     0 | D:1      | Reached XP level 1. HP: 10/10 MP: 2/2
     0 | D:1      | 0 ||| qw: Version: 0.3-a-160-g6735b56
     0 | D:1      | 0 ||| qw: Game counter: 5700
     0 | D:1      | 0 ||| qw: Melee chars always use a shield: true
     0 | D:1      | 0 ||| qw: God list: Okawaru
     0 | D:1      | 0 ||| qw: Allow faded altars: false
     0 | D:1      | 0 ||| qw: Do Orc after clearing Dungeon:15 true
     0 | D:1      | 0 ||| qw: Do second Lair branch before Depths: true
     0 | D:1      | 0 ||| qw: Lair rune preference: random
     0 | D:1      | 0 ||| qw: Goals: Normal
     0 | D:1      | 0 ||| PLANNING D:1-11
    19 | D:1      | Found Finnuxti's Armour Emporium.
    20 | D:1      | Found Jyxosis's Magic Scroll Shop.
    23 | D:1      | 23 ||| SHOPLISTING +2 robe (152 gold, have 0).
    23 | D:1      | 23 ||| SHOPLISTING +3 hat of Pondering {ponderous, Will+
                  | MP+10 Int+5} (457 gold, have 0).
    28 | D:1      | 28 ||| SHOPLISTING scroll of brand weapon (104 gold, have
                  | 0).
    28 | D:1      | 28 ||| SHOPLISTING scroll of identify (22 gold, have 0).
    28 | D:1      | 28 ||| SHOPLISTING scroll of teleportation (33 gold, have
                  | 0).
    44 | D:1      | Reached skill level 3 in Dodging
   114 | D:1      | Reached XP level 2. HP: 14/14 MP: 3/3
   134 | D:1      | Reached skill level 4 in Dodging
   291 | D:1      | Found Hace's Book Boutique.
   450 | D:1      | 450 ||| READING scroll labelled PAERAPIACZI.
   450 | D:1      | 450 ||| ENCHANTING +0 shortbow.
   451 | D:1      | 451 ||| READING 3 scrolls labelled YSUESCHOTRO.
   454 | D:1      | 454 ||| DROPPING scroll of butterflies.
   577 | D:2      | Reached XP level 3. HP: 18/18 MP: 4/4
   643 | D:2      | 643 ||| FLEEEEING.
   661 | D:2      | 661 ||| FLEEEEING.
   662 | D:2      | 662 ||| FLEEEEING.
   664 | D:2      | 664 ||| FLEEEEING.
   665 | D:2      | 665 ||| FLEEEEING.
  1018 | D:2      | 1018 ||| FLEEEEING.
  1019 | D:2      | 1019 ||| FLEEEEING.
  1269 | D:2      | 1269 ||| READING scroll labelled ODYAK SIXALA.
  1269 | D:2      | 1269 ||| ENCHANTING +0 shortbow.
  1270 | D:2      | 1270 ||| READING 3 scrolls labelled SAIRICA WAPENA.
  1270 | D:2      | 1270 ||| IDENTIFYING yellow potion
  1271 | D:2      | 1271 ||| READING 2 scrolls of identify.
  1271 | D:2      | 1271 ||| IDENTIFYING amethyst potion
  1272 | D:2      | 1272 ||| READING scroll of identify.
  1272 | D:2      | 1272 ||| IDENTIFYING metallic ruby potion
  1273 | D:2      | 1273 ||| READING scroll labelled TIOMIQ UTSEVA.
  1274 | D:2      | 1274 ||| READING scroll labelled CAYNED ICWEUB.
  1275 | D:2      | 1275 ||| READING 2 scrolls labelled CISAUHUDUE.
  1376 | D:2      | 1376 ||| DROPPING potion of berserk rage.
  1377 | D:2      | 1377 ||| DROPPING potion of degeneration.
  1378 | D:2      | 1378 ||| DROPPING scroll of vulnerability.
  1407 | D:3      | 1407 ||| STAIRDANCE
  1417 | D:2      | Reached XP level 4. HP: 22/22 MP: 5/5
  1625 | D:3      | Noticed Ijyb
  1637 | D:3      | Killed Ijyb
  1638 | D:3      | Reached skill level 5 in Dodging
  1640 | D:3      | Found a shadowy altar of Dithmenos.
  1736 | D:3      | Noticed Jessica
  1743 | D:3      | Killed Jessica
  1744 | D:3      | Reached XP level 5. HP: 26/26 MP: 6/6
  2050 | D:3      | 2050 ||| UPGRADING to +2 robe of cold resistance.
  2060 | D:3      | 2060 ||| DROPPING +0 robe.
  2061 | D:3      | 2061 ||| DROPPING scarf of harm.
  2062 | D:3      | 2062 ||| UPGRADING to +4 ring of protection.
  2063 | D:3      | 2063 ||| UPGRADING to ring of poison resistance.
  2064 | D:3      | 2064 ||| READING 2 scrolls of identify.
  2064 | D:3      | 2064 ||| IDENTIFYING metallic silvery potion
  2065 | D:3      | 2065 ||| READING scroll of identify.
  2065 | D:3      | 2065 ||| IDENTIFYING 2 black potions
  2325 | D:4      | Found an ornate altar of the Wu Jian Council.
  2345 | D:4      | Found the +2 hat of the Bear Spirit {Spirit, Bear, *Rage
                  | Will++}
  2364 | D:4      | Reached skill level 6 in Ranged Weapons
  2364 | D:4      | Reached XP level 6. HP: 29/30 MP: 7/7
  2413 | D:4      | Found a burning altar of Makhleb.
  2485 | D:4      | Found a glowing silver altar of Zin.
  2485 | D:4      | Found a glowing golden altar of the Shining One.
  2485 | D:4      | Found a white marble altar of Elyvilon.
  2515 | D:4      | Reached skill level 6 in Dodging
  2544 | D:4      | 2544 ||| READING scroll of identify.
  2544 | D:4      | 2544 ||| IDENTIFYING viscous dark potion
  2545 | D:4      | 2545 ||| READING scroll labelled GUUSON VOQEU.
  2546 | D:4      | 2546 ||| READING scroll labelled SOETTEUDUE.
  2558 | D:5      | Entered Level 5 of the Dungeon
  2616 | D:5      | Found a staircase to the Ecumenical Temple.
  2617 | D:5      | 2617 ||| PLANNING TEMPLE
  2622 | Temple   | Entered the Ecumenical Temple
  2623 | Temple   | 2623 ||| PLANNING OKAWARU WORSHIP
  2630 | Temple   | Became a worshipper of Warmaster Okawaru
  2631 | Temple   | 2631 ||| PLANNING D:1-11
  2848 | D:5      | Found a blossoming altar of Fedhas.
  2989 | D:5      | 2989 ||| SWAPPING to +0 orcbow.
  2990 | D:5      | 2990 ||| DROPPING +1 shortbow.
  3010 | D:5      | Identified the +1 robe of Wohy {Harm Int+2}
  3071 | D:5      | Reached XP level 7. HP: 35/35 MP: 8/8
  3096 | D:5      | Reached * piety under Okawaru
  3140 | D:5      | Found Fabb's Neck Hole.
  3148 | D:5      | 3148 ||| BUYING +0 cloak (54 gold).
  3148 | D:5      | Bought a +0 cloak for 54 gold pieces
  3148 | D:5      | 3148 ||| SHOPLISTING amulet of reflection (360 gold, have
                  | 115).
  3148 | D:5      | 3148 ||| SHOPLISTING amulet of regeneration (360 gold, have
                  | 115).
  3148 | D:5      | 3148 ||| SHOPLISTING amulet of the acrobat (360 gold, have
                  | 115).
  3148 | D:5      | 3148 ||| SHOPLISTING scarf of repulsion (144 gold, have
                  | 115).
  3254 | D:5      | Reached skill level 7 in Dodging
  3254 | D:5      | Reached skill level 1 in Invocations
  3270 | D:5      | Found a shimmering altar of Xom.
  3369 | D:5      | 3369 ||| FLEEEEING.
  3372 | D:5      | HP: 6/35 [centaur/arrow (9)]
  3373 | D:5      | 3373 ||| READING 3 scrolls of teleportation.
  3374 | D:5      | 3374 ||| DRINKING 2 potions of heal wounds.
  3683 | D:5      | Found a sparkling altar of Nemelex Xobeh.
  3684 | D:5      | 3684 ||| SWAPPING to +0 arbalest.
  3685 | D:5      | 3685 ||| DROPPING +0 orcbow.
  3777 | D:5      | 3777 ||| UPGRADING to +0 cloak.
  3782 | D:5      | 3782 ||| READING 3 scrolls of enchant armour.
  3782 | D:5      | 3782 ||| ENCHANTING +0 cloak.
  3783 | D:5      | 3783 ||| READING 2 scrolls of enchant armour.
  3783 | D:5      | 3783 ||| ENCHANTING +1 cloak.
  3784 | D:5      | 3784 ||| UPGRADING to amulet of the acrobat.
  3789 | D:5      | 3789 ||| DROPPING ring of protection from cold.
  3790 | D:5      | 3790 ||| READING scroll labelled KEAR QAUKOUQIU.
  3791 | D:5      | 3791 ||| READING scroll labelled VORPHUSHRIC GUNUO.
  3892 | D:6      | Reached skill level 3 in Invocations
  3914 | D:6      | Reached XP level 8. HP: 39/39 MP: 11/11
  3936 | D:6      | Found an opulent altar of Gozag.
  4030 | D:6      | Reached ** piety under Okawaru
  4289 | D:6      | Reached skill level 8 in Dodging
  4302 | D:6      | 4302 ||| READING scroll of identify.
  4302 | D:6      | 4302 ||| IDENTIFYING purple potion
  4303 | D:6      | 4303 ||| READING 2 scrolls labelled HOP BIJAXOFEI.
  4304 | D:6      | 4304 ||| DROPPING scroll of revelation.
  4485 | D:7      | Reached skill level 3 in Fighting
  4621 | D:7      | Reached skill level 9 in Ranged Weapons
  4625 | D:7      | Reached *** piety under Okawaru
  4680 | D:7      | Found a bloodstained altar of Trog.
  4727 | D:7      | Found a shimmering blue altar of Sif Muna.
  4792 | D:6      | 4792 ||| INVOKING Heroism.
  4794 | D:6      | 4794 ||| DRINKING potion of haste.
  4804 | D:6      | Reached skill level 9 in Dodging
  4805 | D:6      | Reached XP level 9. HP: 44/44 MP: 11/13
  4873 | D:6      | Reached skill level 10 in Dodging
  4912 | D:6      | 4912 ||| READING scroll of identify.
  4912 | D:6      | 4912 ||| IDENTIFYING bubbling sapphire potion
  5203 | D:8      | 5203 ||| RETREEEEATING.
  5206 | D:8      | 5206 ||| RETREEEEATING.
  5208 | D:8      | 5208 ||| RETREEEEATING.
  5210 | D:8      | 5210 ||| RETREEEEATING.
  5212 | D:8      | 5212 ||| RETREEEEATING.
  5405 | D:8      | Reached **** piety under Okawaru
  5432 | D:8      | Noticed Pikel
  5433 | D:8      | 5433 ||| RETREEEEATING.
  5434 | D:8      | 5434 ||| RETREEEEATING.
  5439 | D:8      | 5439 ||| INVOKING Finesse.
  5440 | D:8      | 5440 ||| INVOKING Finesse.
  5441 | D:8      | 5441 ||| INVOKING Finesse.
  5447 | D:8      | Killed Pikel
  5602 | D:8      | Noticed a two-headed ogre
  5603 | D:8      | 5603 ||| INVOKING Finesse.
  5616 | D:8      | Killed a two-headed ogre
  5617 | D:8      | Reached skill level 11 in Dodging
  5617 | D:8      | Reached XP level 10. HP: 26/51 MP: 9/14
  5804 | D:8      | 5804 ||| READING scroll labelled IZXATA RERYC.
  5805 | D:8      | 5805 ||| READING scroll labelled OKOLOEXEXO.
  6148 | D:9      | 6148 ||| RETREEEEATING.
  6151 | D:9      | 6151 ||| RETREEEEATING.
  6152 | D:9      | 6152 ||| RETREEEEATING.
  6153 | D:9      | 6153 ||| RETREEEEATING.
  6154 | D:9      | 6154 ||| RETREEEEATING.
  6155 | D:9      | 6155 ||| RETREEEEATING.
  6157 | D:9      | 6157 ||| RETREEEEATING.
  6158 | D:9      | 6158 ||| RETREEEEATING.
  6159 | D:9      | 6159 ||| RETREEEEATING.
  6160 | D:9      | 6160 ||| RETREEEEATING.
  6161 | D:9      | 6161 ||| RETREEEEATING.
  6162 | D:9      | 6162 ||| RETREEEEATING.
  6163 | D:9      | 6163 ||| RETREEEEATING.
  6164 | D:9      | 6164 ||| RETREEEEATING.
  6166 | D:9      | 6166 ||| RETREEEEATING.
  6172 | D:9      | 6172 ||| RETREEEEATING.
  6173 | D:9      | 6173 ||| RETREEEEATING.
  6174 | D:9      | 6174 ||| RETREEEEATING.
  6175 | D:9      | 6175 ||| RETREEEEATING.
  6176 | D:9      | 6176 ||| RETREEEEATING.
  6177 | D:9      | 6177 ||| RETREEEEATING.
  6178 | D:9      | 6178 ||| RETREEEEATING.
  6179 | D:9      | 6179 ||| RETREEEEATING.
  6180 | D:9      | 6180 ||| RETREEEEATING.
  6181 | D:9      | 6181 ||| RETREEEEATING.
  6182 | D:9      | 6182 ||| RETREEEEATING.
  6188 | D:9      | 6188 ||| RETREEEEATING.
  6189 | D:9      | 6189 ||| RETREEEEATING.
  6190 | D:9      | 6190 ||| RETREEEEATING.
  6192 | D:9      | 6192 ||| RETREEEEATING.
  6194 | D:9      | 6194 ||| INVOKING Finesse.
  6287 | D:9      | Reached skill level 6 in Invocations
  6293 | D:9      | Found a flagged portal.
  6358 | D:9      | 6358 ||| RETREEEEATING.
  6359 | D:9      | 6359 ||| RETREEEEATING.
  6360 | D:9      | 6360 ||| RETREEEEATING.
  6363 | D:9      | 6363 ||| INVOKING Finesse.
  6378 | D:9      | Reached skill level 12 in Dodging
  6438 | D:9      | Found a faded altar of an unknown god.
  6699 | D:9      | 6699 ||| READING scroll of identify.
  6699 | D:9      | 6699 ||| IDENTIFYING 2 murky purple potions
  6700 | D:9      | 6700 ||| DROPPING 2 potions of attraction.
  6711 | D:10     | Entered Level 10 of the Dungeon
  6717 | D:10     | 6717 ||| STAIRDANCE
  6722 | D:10     | 6722 ||| STAIRDANCE
  6763 | D:10     | Found a snail-covered altar of Cheibriados.
  6770 | D:10     | 6770 ||| RETREEEEATING.
  6771 | D:10     | 6771 ||| RETREEEEATING.
  6777 | D:10     | Reached ***** piety under Okawaru
  6788 | D:10     | Reached XP level 11. HP: 32/55 MP: 17/17
  6915 | D:10     | Noticed a two-headed ogre
  6916 | D:10     | 6916 ||| INVOKING Finesse.
  6920 | D:10     | Killed a two-headed ogre
  6961 | D:10     | Found a broken altar of Ashenzari.
  7011 | D:10     | 7011 ||| RETREEEEATING.
  7022 | D:10     | 7022 ||| RETREEEEATING.
  7023 | D:10     | 7023 ||| RETREEEEATING.
  7123 | D:10     | 7123 ||| DROPPING ring of positive energy.
  7128 | D:11     | 7128 ||| STAIRDANCE
  7132 | D:10     | Reached skill level 12 in Ranged Weapons
  7165 | D:11     | 7165 ||| INVOKING Finesse.
  7254 | D:11     | Found a staircase to the Lair.
  7259 | D:11     | Noticed an oklob plant
  7265 | D:11     | 7265 ||| INVOKING Finesse.
  7265 | D:11     | HP: 13/55 [oklob plant/splash of acid (31)]
  7266 | D:11     | 7266 ||| READING 3 scrolls of teleportation.
  7482 | D:11     | Reached skill level 9 in Invocations
  7793 | D:11     | Noticed a brown ugly thing
  7794 | D:11     | 7794 ||| INVOKING Finesse.
  7805 | D:11     | Killed a brown ugly thing
  7851 | D:11     | Reached skill level 13 in Dodging
  8018 | D:11     | Found a staircase to the Orcish Mines.
  8292 | D:11     | 8292 ||| PLANNING LAIR
  8292 | D:11     | 8292 ||| READING 2 scrolls of identify.
  8292 | D:11     | 8292 ||| IDENTIFYING dark potion
  8293 | D:11     | 8293 ||| READING scroll of identify.
  8293 | D:11     | 8293 ||| IDENTIFYING 2 emerald potions
  8294 | D:11     | 8294 ||| DRINKING 2 glowing silvery potions.
  8295 | D:11     | 8295 ||| DROPPING 2 potions of brilliance.
  8296 | D:11     | 8296 ||| DROPPING potion of lignification.
  8305 | Lair:1   | Entered Level 1 of the Lair of Beasts
  8315 | Lair:1   | HP: 12/55 [black mamba (8)]
  8316 | Lair:1   | 8316 ||| READING 2 scrolls of teleportation.
  8317 | Lair:1   | 8317 ||| DRINKING 4 potions of heal wounds.
  8320 | Lair:1   | 8320 ||| RETREEEEATING.
  8321 | Lair:1   | 8321 ||| RETREEEEATING.
  8322 | Lair:1   | 8322 ||| RETREEEEATING.
  8323 | Lair:1   | 8323 ||| RETREEEEATING.
  8324 | Lair:1   | 8324 ||| RETREEEEATING.
  8325 | Lair:1   | 8325 ||| RETREEEEATING.
  8326 | Lair:1   | 8326 ||| RETREEEEATING.
  8328 | Lair:1   | 8328 ||| INVOKING Finesse.
  8335 | Lair:1   | HP: 12/55 [wolf (7)]
  8336 | Lair:1   | 8336 ||| READING scroll of teleportation.
  8337 | Lair:1   | 8337 ||| DRINKING 3 potions of heal wounds.
  8415 | Lair:1   | Noticed Grum
  8417 | Lair:1   | 8417 ||| RETREEEEATING.
  8418 | Lair:1   | 8418 ||| RETREEEEATING.
  8434 | Lair:1   | HP: 13/55 [wolf[Grum] (7)]
  8434 | Lair:1   | HP: 2/55 [Grum/+1 spear (11)]
  8435 | Lair:1   | 8435 ||| DRINKING 2 potions of heal wounds.
  8443 | Lair:1   | HP: 11/55 [Grum/+1 spear (7)]
  8444 | Lair:1   | 8444 ||| DRINKING potion of heal wounds.
  8448 | Lair:1   | Killed Grum
  8641 | Lair:1   | Noticed a death yak
  8642 | Lair:1   | 8642 ||| INVOKING Finesse.
  8642 | Lair:1   | Noticed a death yak
  8643 | Lair:1   | Noticed a death yak
  8647 | Lair:1   | 8647 ||| RETREEEEATING.
  8648 | Lair:1   | 8648 ||| RETREEEEATING.
  8649 | Lair:1   | 8649 ||| RETREEEEATING.
  8650 | Lair:1   | 8650 ||| RETREEEEATING.
  8652 | Lair:1   | 8652 ||| RETREEEEATING.
  8654 | Lair:1   | 8654 ||| RETREEEEATING.
  8655 | Lair:1   | 8655 ||| RETREEEEATING.
  8657 | Lair:1   | 8657 ||| RETREEEEATING.
  8660 | Lair:1   | 8660 ||| RETREEEEATING.
  8664 | Lair:1   | Killed a death yak
  8672 | Lair:1   | Killed a death yak
  8682 | Lair:1   | HP: 5/55 [death yak (10)]
  8689 | Lair:1   | Killed a death yak
  8690 | Lair:1   | Reached XP level 12. HP: 7/60 MP: 18/20
  8876 | Lair:1   | Found a dark tunnel.
  8953 | Lair:1   | Received a gift from Okawaru
  9055 | Lair:1   | Reached skill level 14 in Dodging
  9085 | Lair:1   | You fall into a shaft and drop 1 floor!
  9139 | Lair:2   | 9139 ||| INVOKING Finesse.
  9488 | Lair:2   | Found a staircase to the Snake Pit.
  9492 | Lair:2   | 9492 ||| DROPPING ring of ice.
  9940 | Lair:2   | 9940 ||| RETREEEEATING.
  9941 | Lair:2   | 9941 ||| RETREEEEATING.
  9942 | Lair:2   | 9942 ||| RETREEEEATING.
  9943 | Lair:2   | 9943 ||| RETREEEEATING.
  9944 | Lair:2   | 9944 ||| RETREEEEATING.
  9945 | Lair:2   | 9945 ||| RETREEEEATING.
  9946 | Lair:2   | 9946 ||| RETREEEEATING.
  9947 | Lair:2   | 9947 ||| RETREEEEATING.
  9948 | Lair:2   | 9948 ||| RETREEEEATING.
  9949 | Lair:2   | 9949 ||| RETREEEEATING.
 10343 | Lair:3   | 10343 ||| STAIRDANCE
 10350 | Lair:2   | 10350 ||| INVOKING Finesse.
 10351 | Lair:2   | 10351 ||| INVOKING Heroism.
 10354 | Lair:2   | Reached skill level 6 in Fighting
 10655 | Lair:3   | Received a gift from Okawaru
 10815 | Lair:3   | 10815 ||| STAIRDANCE
 10818 | Lair:2   | Reached skill level 15 in Dodging
 10887 | Lair:3   | Noticed Amaemon
 10888 | Lair:3   | 10888 ||| STAIRDANCE
 10948 | Lair:3   | 10948 ||| STAIRDANCE
 10959 | Lair:2   | 10959 ||| RETREEEEATING.
 10960 | Lair:2   | 10960 ||| RETREEEEATING.
 10961 | Lair:2   | 10961 ||| RETREEEEATING.
 10962 | Lair:2   | 10962 ||| RETREEEEATING.
 10963 | Lair:2   | 10963 ||| RETREEEEATING.
 10964 | Lair:2   | 10964 ||| RETREEEEATING.
 10984 | Lair:2   | Killed Amaemon
 11024 | Lair:3   | 11024 ||| STAIRDANCE
 11044 | Lair:3   | 11044 ||| STAIRDANCE
 11049 | Lair:2   | 11049 ||| DRINKING potion of cancellation.
 11321 | Lair:3   | HP: 14/61 [merfolk/boomerang (3)]
 11326 | Lair:3   | HP: 6/61 [merfolk/boomerang (7)]
 11334 | Lair:3   | Received a gift from Okawaru
 11335 | Lair:3   | Reached skill level 15 in Ranged Weapons
 11519 | Lair:3   | Found a staircase to the Shoals.
 11653 | Lair:3   | 11653 ||| RETREEEEATING.
 11656 | Lair:3   | 11656 ||| RETREEEEATING.
 11657 | Lair:3   | 11657 ||| RETREEEEATING.
 11659 | Lair:3   | 11659 ||| RETREEEEATING.
 11661 | Lair:3   | 11661 ||| RETREEEEATING.
 11663 | Lair:3   | 11663 ||| RETREEEEATING.
 11666 | Lair:3   | 11666 ||| RETREEEEATING.
 11667 | Lair:3   | 11667 ||| RETREEEEATING.
 11673 | Lair:3   | Reached skill level 1 in Armour
 11679 | Lair:3   | Reached XP level 13. HP: 65/65 MP: 21/21
 12073 | Lair:3   | 12073 ||| DROPPING amulet of magic regeneration.
 12349 | Lair:4   | 12349 ||| RETREEEEATING.
 12350 | Lair:4   | 12350 ||| RETREEEEATING.
 12351 | Lair:4   | 12351 ||| RETREEEEATING.
 12352 | Lair:4   | 12352 ||| RETREEEEATING.
 12353 | Lair:4   | 12353 ||| RETREEEEATING.
 12354 | Lair:4   | 12354 ||| RETREEEEATING.
 12355 | Lair:4   | 12355 ||| RETREEEEATING.
 12356 | Lair:4   | 12356 ||| RETREEEEATING.
 12357 | Lair:4   | 12357 ||| RETREEEEATING.
 12371 | Lair:4   | Reached skill level 16 in Dodging
 12558 | Lair:4   | 12558 ||| RETREEEEATING.
 12560 | Lair:4   | 12560 ||| RETREEEEATING.
 12562 | Lair:4   | 12562 ||| RETREEEEATING.
 12564 | Lair:4   | 12564 ||| RETREEEEATING.
 12642 | Lair:4   | Found a staircase to the Slime Pits.
 13174 | Lair:5   | Entered Level 5 of the Lair of Beasts
 13337 | Lair:5   | 13337 ||| INVOKING Finesse.
 13339 | Lair:5   | 13339 ||| INVOKING Heroism.
 13518 | Lair:5   | 13518 ||| INVOKING Finesse.
 13562 | Lair:5   | HP: 5/65 [skyshark (23)]
 13563 | Lair:5   | 13563 ||| DRINKING 3 potions of heal wounds.
 13564 | Lair:5   | 13564 ||| INVOKING Heroism.
 13632 | Lair:5   | 13632 ||| INVOKING Finesse.
 13639 | Lair:5   | 13639 ||| RETREEEEATING.
 13644 | Lair:5   | 13644 ||| RETREEEEATING.
 13646 | Lair:5   | 13646 ||| RETREEEEATING.
 13648 | Lair:5   | 13648 ||| RETREEEEATING.
 13689 | Lair:5   | Received a gift from Okawaru
 13833 | Lair:5   | 13833 ||| RETREEEEATING.
 13834 | Lair:5   | 13834 ||| RETREEEEATING.
 13836 | Lair:5   | 13836 ||| RETREEEEATING.
 13837 | Lair:5   | 13837 ||| RETREEEEATING.
 13838 | Lair:5   | 13838 ||| RETREEEEATING.
 13852 | Lair:5   | 13852 ||| RETREEEEATING.
 13853 | Lair:5   | 13853 ||| RETREEEEATING.
 13857 | Lair:5   | 13857 ||| RETREEEEATING.
 13858 | Lair:5   | 13858 ||| RETREEEEATING.
 13859 | Lair:5   | 13859 ||| RETREEEEATING.
 13862 | Lair:5   | 13862 ||| RETREEEEATING.
 13863 | Lair:5   | 13863 ||| RETREEEEATING.
 13864 | Lair:5   | 13864 ||| RETREEEEATING.
 13865 | Lair:5   | 13865 ||| RETREEEEATING.
 13866 | Lair:5   | 13866 ||| RETREEEEATING.
 13867 | Lair:5   | 13867 ||| RETREEEEATING.
 13873 | Lair:5   | 13873 ||| INVOKING Finesse.
 13882 | Lair:5   | Reached skill level 17 in Dodging
 14245 | Lair:5   | 14245 ||| RETREEEEATING.
 14261 | Lair:5   | Received a gift from Okawaru
 14342 | Lair:5   | 14342 ||| INVOKING Finesse.
 14343 | Lair:5   | 14343 ||| INVOKING Heroism.
 14453 | Lair:5   | Reached XP level 14. HP: 72/72 MP: 22/22
 14472 | Lair:5   | 14472 ||| RETREEEEATING.
 14576 | Lair:5   | 14576 ||| Stepping ~*~*~tactically~*~*~ (cloud).
 14585 | Lair:5   | 14585 ||| Stepping ~*~*~tactically~*~*~ (cloud).
 14591 | Lair:5   | 14591 ||| Stepping ~*~*~tactically~*~*~ (cloud).
 14602 | Lair:5   | 14602 ||| DRINKING potion of cancellation.
 14603 | Lair:5   | 14603 ||| Stepping ~*~*~tactically~*~*~ (cloud).
 14606 | Lair:5   | 14606 ||| Stepping ~*~*~tactically~*~*~ (cloud).
 14612 | Lair:5   | 14612 ||| Stepping ~*~*~tactically~*~*~ (cloud).
 14616 | Lair:5   | 14616 ||| FLEEEEING.
 14617 | Lair:5   | 14617 ||| FLEEEEING.
 14618 | Lair:5   | 14618 ||| FLEEEEING.
 14619 | Lair:5   | 14619 ||| FLEEEEING.
 14620 | Lair:5   | 14620 ||| FLEEEEING.
 14621 | Lair:5   | 14621 ||| FLEEEEING.
 14622 | Lair:5   | 14622 ||| FLEEEEING.
 14624 | Lair:5   | 14624 ||| FLEEEEING.
 14625 | Lair:5   | 14625 ||| FLEEEEING.
 14627 | Lair:5   | 14627 ||| FLEEEEING.
 14628 | Lair:5   | 14628 ||| FLEEEEING.
 14629 | Lair:5   | 14629 ||| FLEEEEING.
 14630 | Lair:5   | 14630 ||| FLEEEEING.
 14631 | Lair:5   | 14631 ||| FLEEEEING.
 14632 | Lair:5   | 14632 ||| FLEEEEING.
 14633 | Lair:5   | 14633 ||| FLEEEEING.
 14634 | Lair:5   | 14634 ||| FLEEEEING.
 14636 | Lair:5   | 14636 ||| FLEEEEING.
 14637 | Lair:5   | 14637 ||| FLEEEEING.
 14638 | Lair:5   | 14638 ||| FLEEEEING.
 14639 | Lair:5   | 14639 ||| FLEEEEING.
 14640 | Lair:5   | 14640 ||| FLEEEEING.
 14642 | Lair:5   | 14642 ||| FLEEEEING.
 14646 | Lair:5   | 14646 ||| FLEEEEING.
 14647 | Lair:5   | 14647 ||| FLEEEEING.
 14648 | Lair:5   | 14648 ||| FLEEEEING.
 14649 | Lair:5   | 14649 ||| FLEEEEING.
 14650 | Lair:5   | 14650 ||| FLEEEEING.
 14651 | Lair:5   | 14651 ||| FLEEEEING.
 14652 | Lair:5   | 14652 ||| FLEEEEING.
 14653 | Lair:5   | 14653 ||| FLEEEEING.
 14655 | Lair:5   | 14655 ||| FLEEEEING.
 14656 | Lair:5   | 14656 ||| FLEEEEING.
 14657 | Lair:5   | 14657 ||| FLEEEEING.
 14658 | Lair:5   | 14658 ||| FLEEEEING.
 14659 | Lair:5   | 14659 ||| FLEEEEING.
 14664 | Lair:5   | 14664 ||| FLEEEEING.
 14665 | Lair:5   | 14665 ||| FLEEEEING.
 14666 | Lair:5   | 14666 ||| FLEEEEING.
 14667 | Lair:5   | 14667 ||| FLEEEEING.
 14871 | Lair:5   | HP: 11/72 [dire elephant (13)]
 14872 | Lair:5   | 14872 ||| READING scroll of teleportation.
 14873 | Lair:5   | 14873 ||| DRINKING 2 potions of heal wounds.
 15170 | Lair:5   | 15170 ||| PLANNING D
 15170 | Lair:5   | 15170 ||| UPGRADING to +1 hat.
 15175 | Lair:5   | 15175 ||| READING 4 scrolls of enchant armour.
 15175 | Lair:5   | 15175 ||| ENCHANTING +1 hat.
 15176 | Lair:5   | 15176 ||| READING 12 scrolls of identify.
 15176 | Lair:5   | 15176 ||| IDENTIFYING scroll labelled UCHAQI CONEKE
 15177 | Lair:5   | 15177 ||| DROPPING scroll of torment.
 15715 | D:12     | 15715 ||| RETREEEEATING.
 15719 | D:12     | 15719 ||| RETREEEEATING.
 15721 | D:12     | 15721 ||| RETREEEEATING.
 15729 | D:12     | 15729 ||| INVOKING Finesse.
 15740 | D:12     | Reached skill level 18 in Dodging
 15762 | D:12     | Noticed Kirke
 15774 | D:12     | Killed Kirke
 15774 | D:12     | Received a gift from Okawaru
 15945 | D:12     | Noticed Sonja
 15950 | D:12     | Killed Sonja
 16103 | D:12     | Noticed Snorg
 16106 | D:12     | 16106 ||| INVOKING Finesse.
 16107 | D:12     | 16107 ||| INVOKING Heroism.
 16120 | D:12     | Killed Snorg
 16331 | D:13     | 16331 ||| STAIRDANCE
 16333 | D:12     | 16333 ||| INVOKING Finesse.
 16714 | D:13     | Found Pejit's Book Shop.
 16748 | D:13     | Reached skill level 18 in Ranged Weapons
 17088 | D:13     | HP: 16/72 [seven-headed hydra (8)]
 17089 | D:13     | 17089 ||| DRINKING 2 potions of heal wounds.
 17448 | D:14     | 17448 ||| STAIRDANCE
 17539 | D:14     | 17539 ||| STAIRDANCE
 17723 | D:14     | 17723 ||| INVOKING Finesse.
 17724 | D:14     | 17724 ||| INVOKING Heroism.
 17785 | D:14     | 17785 ||| RETREEEEATING.
 17786 | D:14     | 17786 ||| RETREEEEATING.
 17787 | D:14     | 17787 ||| RETREEEEATING.
 17789 | D:14     | 17789 ||| RETREEEEATING.
 17801 | D:14     | 17801 ||| RETREEEEATING.
 17802 | D:14     | 17802 ||| RETREEEEATING.
 17807 | D:14     | 17807 ||| INVOKING Finesse.
 18029 | D:14     | 18029 ||| RETREEEEATING.
 18032 | D:14     | Received a gift from Okawaru
 18038 | D:14     | HP: 15/73 [slime creature (9)]
 18039 | D:14     | 18039 ||| DRINKING potion of heal wounds.
 18040 | D:14     | 18040 ||| RETREEEEATING.
 18045 | D:14     | 18045 ||| RETREEEEATING.
 18245 | D:14     | Reached skill level 19 in Dodging
 18683 | D:14     | 18683 ||| RETREEEEATING.
 18684 | D:14     | 18684 ||| RETREEEEATING.
 18686 | D:14     | 18686 ||| RETREEEEATING.
 18687 | D:14     | 18687 ||| RETREEEEATING.
 18688 | D:14     | 18688 ||| RETREEEEATING.
 18690 | D:14     | 18690 ||| RETREEEEATING.
 18697 | D:14     | 18697 ||| INVOKING Finesse.
 18724 | D:14     | Reached XP level 15. HP: 26/78 MP: 19/23
 18923 | D:14     | Found a gate to the Vaults.
 19302 | D:15     | Entered Level 15 of the Dungeon
 19318 | D:15     | 19318 ||| RETREEEEATING.
 19319 | D:15     | 19319 ||| RETREEEEATING.
 19320 | D:15     | 19320 ||| RETREEEEATING.
 19322 | D:15     | 19322 ||| RETREEEEATING.
 19323 | D:15     | 19323 ||| RETREEEEATING.
 19324 | D:15     | 19324 ||| RETREEEEATING.
 19326 | D:15     | 19326 ||| RETREEEEATING.
 19333 | D:15     | 19333 ||| INVOKING Finesse.
 19465 | D:15     | Found Bisyatat's Antique Armour Shoppe.
 19563 | D:15     | Reached skill level 20 in Dodging
 20156 | D:15     | 20156 ||| RETREEEEATING.
 20157 | D:15     | 20157 ||| RETREEEEATING.
 20158 | D:15     | 20158 ||| RETREEEEATING.
 20159 | D:15     | 20159 ||| RETREEEEATING.
 20162 | D:15     | 20162 ||| RETREEEEATING.
 20164 | D:15     | 20164 ||| RETREEEEATING.
 20170 | D:15     | 20170 ||| RETREEEEATING.
 20171 | D:15     | 20171 ||| RETREEEEATING.
 20172 | D:15     | 20172 ||| RETREEEEATING.
 20173 | D:15     | 20173 ||| RETREEEEATING.
 20175 | D:15     | HP: 8/78 [deep troll earth mage/blast of rock fragments
                  | (27)]
 20176 | D:15     | 20176 ||| READING 2 scrolls of teleportation.
 20443 | D:15     | Found a white marble altar of Elyvilon.
 20600 | D:15     | Found a staircase to the Depths.
 20721 | D:15     | 20721 ||| PLANNING ORC
 20721 | D:15     | 20721 ||| DROPPING +2 robe of willpower.
 20722 | D:15     | 20722 ||| DROPPING +0 steam dragon scales.
 20723 | D:15     | 20723 ||| UPGRADING to +0 troll leather armour.
 20733 | D:15     | 20733 ||| DROPPING +2 robe of cold resistance.
 20734 | D:15     | 20734 ||| READING 3 scrolls of enchant armour.
 20734 | D:15     | 20734 ||| ENCHANTING +0 troll leather armour.
 20735 | D:15     | 20735 ||| READING 2 scrolls of enchant armour.
 20735 | D:15     | 20735 ||| ENCHANTING +1 troll leather armour.
 20736 | D:15     | 20736 ||| READING scroll of enchant armour.
 20736 | D:15     | 20736 ||| ENCHANTING +2 troll leather armour.
 20737 | D:15     | 20737 ||| DROPPING ring of poison resistance.
 20738 | D:15     | 20738 ||| DROPPING +4 ring of slaying {mikee}.
 20739 | D:15     | 20739 ||| UPGRADING to +6 ring of dexterity.
 20741 | D:15     | 20741 ||| DROPPING ring of magical power.
 20866 | Orc:1    | Entered Level 1 of the Orcish Mines
 20873 | Orc:1    | 20873 ||| STAIRDANCE
 20878 | Orc:1    | 20878 ||| STAIRDANCE
 20906 | Orc:1    | 20906 ||| STAIRDANCE
 20915 | Orc:1    | 20915 ||| STAIRDANCE
 20926 | Orc:1    | 20926 ||| STAIRDANCE
 21147 | Orc:1    | Received a gift from Okawaru
 21152 | Orc:1    | Found a frozen archway.
 21347 | Orc:2    | Entered Level 2 of the Orcish Mines
 21348 | Orc:2    | 21348 ||| PLANNING GAUNTLET
 21355 | Orc:2    | 21355 ||| STAIRDANCE
 21378 | Orc:2    | 21378 ||| STAIRDANCE
 21383 | Orc:2    | 21383 ||| STAIRDANCE
 21392 | Orc:2    | 21392 ||| INVOKING Finesse.
 21399 | Orc:2    | 21399 ||| STAIRDANCE
 21504 | Orc:2    | Found a gate leading to a gauntlet.
 21509 | Gauntlet | Entered a Gauntlet
 21509 | Gauntlet | Found a transporter.
 21509 | Gauntlet | Found a transporter.
 21509 | Gauntlet | Found a transporter.
 21523 | Gauntlet | Found a transporter.
 21524 | Gauntlet | Found a transporter.
 21531 | Gauntlet | Found a transporter.
 21534 | Gauntlet | Found a transporter.
 21542 | Gauntlet | Found a transporter.
 21560 | Gauntlet | Found a transporter.
 21565 | Gauntlet | Found a transporter.
 21568 | Gauntlet | Found a transporter.
 21578 | Gauntlet | Found a runed translucent door.
 21578 | Gauntlet | Found a transporter.
 21712 | Gauntlet | Reached skill level 21 in Dodging
 21818 | Gauntlet | 21818 ||| READING 15 scrolls of identify.
 21818 | Gauntlet | 21818 ||| IDENTIFYING scroll labelled QEDOV TONUY
 21819 | Gauntlet | 21819 ||| DROPPING scroll of silence.
 21852 | Gauntlet | 21852 ||| RETREEEEATING.
 21853 | Gauntlet | 21853 ||| RETREEEEATING.
 21854 | Gauntlet | 21854 ||| RETREEEEATING.
 21855 | Gauntlet | 21855 ||| RETREEEEATING.
 21860 | Gauntlet | 21860 ||| RETREEEEATING.
 21861 | Gauntlet | 21861 ||| RETREEEEATING.
 21862 | Gauntlet | 21862 ||| RETREEEEATING.
 21864 | Gauntlet | 21864 ||| RETREEEEATING.
 21865 | Gauntlet | 21865 ||| RETREEEEATING.
 21866 | Gauntlet | 21866 ||| RETREEEEATING.
 21875 | Gauntlet | Reached skill level 9 in Fighting
 21915 | Gauntlet | 21915 ||| UPGRADING to +5 ring of evasion.
 21917 | Gauntlet | 21917 ||| DROPPING +4 ring of protection.
 21918 | Gauntlet | 21918 ||| DROPPING ring of poison resistance.
 21970 | Gauntlet | Identified the +2 broad axe "Heroofekuts" {freeze, rElec
                  | Int+3}
 21970 | Gauntlet | Identified the +9 dagger "Zurraovy" {freeze, rF+ rN+ Str-3
                  | Dex+8}
 22016 | Orc:2    | 22016 ||| PLANNING ORC
 22031 | Orc:2    | Found a staircase to the Elven Halls.
 22149 | Orc:2    | 22149 ||| RETREEEEATING.
 22150 | Orc:2    | 22150 ||| RETREEEEATING.
 22151 | Orc:2    | 22151 ||| RETREEEEATING.
 22152 | Orc:2    | 22152 ||| RETREEEEATING.
 22153 | Orc:2    | 22153 ||| RETREEEEATING.
 22154 | Orc:2    | 22154 ||| RETREEEEATING.
 22156 | Orc:2    | 22156 ||| INVOKING Finesse.
 22454 | Orc:2    | Received a gift from Okawaru
 22581 | Orc:2    | 22581 ||| RETREEEEATING.
 22582 | Orc:2    | 22582 ||| RETREEEEATING.
 22584 | Orc:2    | 22584 ||| RETREEEEATING.
 22585 | Orc:2    | 22585 ||| RETREEEEATING.
 22586 | Orc:2    | 22586 ||| RETREEEEATING.
 22593 | Orc:2    | 22593 ||| RETREEEEATING.
 22594 | Orc:2    | 22594 ||| RETREEEEATING.
 22595 | Orc:2    | 22595 ||| RETREEEEATING.
 22596 | Orc:2    | 22596 ||| INVOKING Finesse.
 22601 | Orc:2    | Reached skill level 22 in Dodging
 22778 | Orc:2    | Found Wuraihua's Assorted Antiques.
 22778 | Orc:2    | Found Teeg's Armour Shoppe.
 22780 | Orc:2    | Found Zoonun's Assorted Antiques.
 22782 | Orc:2    | Found Vebraax's Distillery.
 22786 | Orc:2    | 22786 ||| BUYING potion of haste (370 gold).
 22786 | Orc:2    | Bought a potion of haste for 370 gold pieces
 22786 | Orc:2    | 22786 ||| BUYING runed orcbow (240 gold).
 22786 | Orc:2    | Bought a runed orcbow for 240 gold pieces
 22786 | Orc:2    | 22786 ||| BUYING wand of roots (4) (355 gold).
 22786 | Orc:2    | Bought a wand of roots (4) for 355 gold pieces
 22786 | Orc:2    | 22786 ||| SWAPPING to +3 orcbow of flaming.
 22787 | Orc:2    | 22787 ||| DROPPING +0 arbalest.
 22791 | Orc:2    | 22791 ||| BUYING potion of curing (84 gold).
 22791 | Orc:2    | Bought a potion of curing for 84 gold pieces
 22791 | Orc:2    | 22791 ||| BUYING scroll of enchant weapon (210 gold).
 22791 | Orc:2    | Bought a scroll of enchant weapon for 210 gold pieces
 22791 | Orc:2    | 22791 ||| BUYING scroll of enchant weapon (210 gold).
 22791 | Orc:2    | Bought a scroll of enchant weapon for 210 gold pieces
 22791 | Orc:2    | 22791 ||| BUYING wand of roots (3) (201 gold).
 22791 | Orc:2    | Bought a wand of roots (3) for 201 gold pieces
 22791 | Orc:2    | 22791 ||| READING 2 scrolls of enchant weapon.
 22791 | Orc:2    | 22791 ||| ENCHANTING +3 orcbow of flaming.
 22792 | Orc:2    | 22792 ||| READING scroll of enchant weapon.
 22792 | Orc:2    | 22792 ||| ENCHANTING +4 orcbow of flaming.
 22798 | Orc:2    | 22798 ||| BUYING 2 potions of curing (102 gold).
 22798 | Orc:2    | Bought 2 potions of curing for 102 gold pieces
 22798 | Orc:2    | 22798 ||| BUYING potion of curing (51 gold).
 22798 | Orc:2    | Bought a potion of curing for 51 gold pieces
 22798 | Orc:2    | 22798 ||| BUYING potion of curing (51 gold).
 22798 | Orc:2    | Bought a potion of curing for 51 gold pieces
 22798 | Orc:2    | 22798 ||| BUYING potion of enlightenment (85 gold).
 22798 | Orc:2    | Bought a potion of enlightenment for 85 gold pieces
 22798 | Orc:2    | 22798 ||| BUYING potion of heal wounds (85 gold).
 22798 | Orc:2    | Bought a potion of heal wounds for 85 gold pieces
 22798 | Orc:2    | 22798 ||| BUYING potion of heal wounds (85 gold).
 22798 | Orc:2    | Bought a potion of heal wounds for 85 gold pieces
 22798 | Orc:2    | 22798 ||| SHOPLISTING potion of heal wounds (85 gold, have
                  | 53).
 22798 | Orc:2    | 22798 ||| SHOPLISTING potion of might (68 gold, have 53).
 22798 | Orc:2    | 22798 ||| SHOPLISTING potion of mutation (136 gold, have
                  | 53).
 22798 | Orc:2    | 22798 ||| SHOPLISTING potion of resistance (170 gold, have
                  | 53).
 22867 | Orc:2    | 22867 ||| PLANNING SNAKE:1-3
 22994 | Snake:1  | Entered Level 1 of the Snake Pit
 23044 | Snake:1  | 23044 ||| INVOKING Finesse.
 23096 | Snake:1  | 23096 ||| RETREEEEATING.
 23099 | Snake:1  | 23099 ||| RETREEEEATING.
 23100 | Snake:1  | 23100 ||| RETREEEEATING.
 23101 | Snake:1  | 23101 ||| RETREEEEATING.
 23103 | Snake:1  | 23103 ||| RETREEEEATING.
 23108 | Snake:1  | 23108 ||| RETREEEEATING.
 23109 | Snake:1  | 23109 ||| RETREEEEATING.
 23110 | Snake:1  | 23110 ||| RETREEEEATING.
 23111 | Snake:1  | 23111 ||| RETREEEEATING.
 23835 | Snake:1  | 23835 ||| READING 16 scrolls of identify.
 23835 | Snake:1  | 23835 ||| IDENTIFYING scroll labelled BAS DUHOGILOSS
 23836 | Snake:1  | 23836 ||| READING scroll of brand weapon.
 23836 | Snake:1  | 23836 ||| BRANDING +5 orcbow of flaming.
 23889 | Snake:2  | 23889 ||| INVOKING Finesse.
 23977 | Snake:2  | Noticed Frances
 23978 | Snake:2  | 23978 ||| INVOKING Finesse.
 23990 | Snake:2  | Killed Frances
 23990 | Snake:2  | Received a gift from Okawaru
 23991 | Snake:2  | Reached skill level 23 in Dodging
 23991 | Snake:2  | Reached XP level 16. HP: 73/84 MP: 18/24
 24463 | Snake:2  | 24463 ||| RETREEEEATING.
 24629 | Snake:2  | 24629 ||| INVOKING Finesse.
 24703 | Snake:2  | 24703 ||| INVOKING Finesse.
 24780 | Snake:2  | 24780 ||| INVOKING Finesse.
 24875 | Snake:2  | Noticed Vashnia
 24876 | Snake:2  | 24876 ||| INVOKING Finesse.
 24902 | Snake:2  | HP: 19/84 [Vashnia/bolt (29)]
 24903 | Snake:2  | 24903 ||| READING 6 scrolls of teleportation.
 24904 | Snake:2  | 24904 ||| DRINKING 3 potions of heal wounds.
 24908 | Snake:2  | 24908 ||| FLEEEEING.
 24909 | Snake:2  | 24909 ||| FLEEEEING.
 25099 | Snake:2  | Reached skill level 24 in Dodging
 25119 | Snake:2  | 25119 ||| INVOKING Finesse.
 25145 | Snake:2  | Killed Vashnia
 25274 | Snake:2  | Found a runed translucent door.
 25680 | Snake:3  | Noticed Louise
 25692 | Snake:3  | 25692 ||| INVOKING Finesse.
 25703 | Snake:3  | Killed Louise
 25803 | Snake:3  | 25803 ||| INVOKING Finesse.
 25852 | Snake:3  | 25852 ||| STAIRDANCE
 25931 | Snake:3  | Noticed Roxanne
 25932 | Snake:3  | 25932 ||| INVOKING Finesse.
 25961 | Snake:3  | Killed Roxanne
 26000 | Snake:3  | 26000 ||| RETREEEEATING.
 26001 | Snake:3  | 26001 ||| RETREEEEATING.
 26002 | Snake:3  | 26002 ||| RETREEEEATING.
 26003 | Snake:3  | 26003 ||| RETREEEEATING.
 26004 | Snake:3  | 26004 ||| RETREEEEATING.
 26006 | Snake:3  | 26006 ||| RETREEEEATING.
 26008 | Snake:3  | 26008 ||| RETREEEEATING.
 26009 | Snake:3  | 26009 ||| RETREEEEATING.
 26011 | Snake:3  | 26011 ||| RETREEEEATING.
 26012 | Snake:3  | 26012 ||| RETREEEEATING.
 26013 | Snake:3  | 26013 ||| RETREEEEATING.
 26014 | Snake:3  | 26014 ||| RETREEEEATING.
 26015 | Snake:3  | 26015 ||| RETREEEEATING.
 26016 | Snake:3  | 26016 ||| RETREEEEATING.
 26017 | Snake:3  | 26017 ||| RETREEEEATING.
 26018 | Snake:3  | 26018 ||| RETREEEEATING.
 26019 | Snake:3  | 26019 ||| RETREEEEATING.
 26020 | Snake:3  | 26020 ||| RETREEEEATING.
 26023 | Snake:3  | 26023 ||| INVOKING Finesse.
 26035 | Snake:3  | 26035 ||| RETREEEEATING.
 26050 | Snake:3  | 26050 ||| RETREEEEATING.
 26055 | Snake:3  | 26055 ||| RETREEEEATING.
 26099 | Snake:3  | Noticed Nikola
 26110 | Snake:3  | 26110 ||| RETREEEEATING.
 26114 | Snake:3  | Killed from afar by a salamander tyrant

Levels and vault maps discovered:
D:1:      dpeg_arrival_line_fractal, layout_rooms, serial_shops,
          nicolae_book_shop_shelving, shop, shop, minmay_unequal
D:2:      layout_basic
D:3:      layout_basic, nicolae_dithmenos_shadow_blocks, uniq_jessica, uniq_ijyb
D:4:      layout_rooms, good_gods_mini_temple,
          mainiacjoe_overflow_surrounded_room, lightli_temple_of_fire
D:5:      layout_loops_corners, kennysheep_mini, fedhas_bush_and_centaur_altar,
          nemelex_diamond_rough_becter, minmay_temple_entry_ruins,
          nicolae_shop_sticking_my_neck_out
D:6:      minmay_chambers_of_threes, layout_rooms,
          nicolae_overflow_hidden_temple, serial_curves, eino_curves_02,
          eino_curves_02
D:7:      layout_basic, trog_hazing_becter, mainiacjoe_overflow_alcove_2
D:8:      layout_loops_ring, uniq_pikel
D:9:      layout_irregular_city, serial_column_ruins, column_ruins_temple_hut,
          column_ruins_courtyard_long, column_ruins_columns_corner,
          column_ruins_grid_1, column_ruins_grid_3,
          column_ruins_corridor_dead_end, column_ruins_open_large,
          enter_bailey_6, dreamdust_princess_bridge
D:10:     layout_cross, mainiacjoe_overflow_small_starburst, slow_altar_1,
          kennysheep_generic_room_8
D:11:     layout_loops_cross, dpeg_oklobed_lair, david_orc_4,
          chequers_mini_garden
D:12:     layout_stronghold, grunt_ministairs_4, uniq_kirke, uniq_snorg,
          uniq_sonja
D:13:     layout_loops_ring, serial_shops, shop, st_stairs_11
D:14:     layout_roguey, grunt_vaults_entry_fortified
D:15:     hellmonk_depths_entry_around_the_bend, layout_basic, elyvilon_altar_3,
          serial_shops, nicolae_shop_overgrown_old_shop, minmay_three_doors
Temple:   hellmonk_temple_rainy
Lair:1:   layout_chaotic_city, enter_volcano_4, serial_bayou_shore_b,
          lemuel_fruit_tree, uniq_grum
Lair:2:   layout_misc_corridors, minmay_snake_entry_guardpost_small
Lair:3:   layout_concentric_octagons, mainiacjoe_shoals_entry_four_pools,
          uniq_amaemon
Lair:4:   layout_long_grid, slime_entry_1, serial_bayou_shore_a,
          lemuel_fruit_fields, infiniplex_staircase_pool_2
Lair:5:   grunt_lair_end_beastmaster, layout_concentric_octagons,
          grunt_megastairs_5, infiniplex_staircase_pool
Snake:1:  layout_honeycomb, nicolae_snake_lava_pool
Snake:2:  layout_layer_cave, grunt_ministairs_8, lightli_airlock, uniq_vashnia,
          uniq_frances
Snake:3:  layout_cave_town, grunt_megastairs_2, uniq_nikola, uniq_louise,
          uniq_roxanne
Orc:1:    layout_diamond_mine, portal_ice_cave_entry_ice_simulacra
Orc:2:    st_orc_rangers, layout_caves, gauntlet_entry_generic

Skill      XL: |  1  2  3  4  5  6  7  8  9 10 11 12 13 14 15 16 |
---------------+-------------------------------------------------+-----
Dodging        | 3 4 5 6 7 9 11 12 13 15 17 19 23 24 | 24.7
Ranged Weapons | 5 6 7 9 10 11 13 15 16 18 | 18.0
Fighting       | 2 3 5 6 7 8 9 10 | 10.0
Invocations    | 3 4 7 10 | 10.0
Armour         | 1 2 |  2.1
Stealth        | |  1.5

Action                     |  1- 3 |  4- 6 |  7- 9 | 10-12 | 13-15 | 16-18 || total
---------------------------+-------+-------+-------+-------+-------+-------++-------
   Fire: Shortbow          |   139 |   154 |       |       |       |       ||   293
         Orcbow            |       |    12 |    41 |       |   158 |   366 ||   577
         Arbalest          |       |       |   238 |   818 |  1535 |       ||  2591
 Invoke: Heroism           |       |       |     1 |     1 |     5 |       ||     7
         Finesse           |       |       |     2 |     9 |    18 |     9 ||    38
    Use: Scroll            |     9 |     5 |     8 |     8 |    12 |     1 ||    43
         Potion            |       |       |     2 |     6 |     5 |     1 ||    14
 Armour: Robe              |    27 |    18 |    48 |   148 |   190 |       ||   431
         Troll leather arm |       |       |       |       |    54 |    18 ||    72
  Dodge: Dodged            |    80 |    90 |   174 |   712 |  1410 |   143 ||  2609

Table legend:
 A = Non-vault XP
 B = Vault XP
 C = Vault XP percentage of total XP
 D = Non-vault monster count
 E = Vault monster count
 F = Vault count percentage of total count
                 A         B        C        D         E       F
            +---------+---------+-------+---------+---------+-------
      Total |  125064 |   66640 |  34.8 |     546 |     198 |  26.6
            +---------+---------+-------+---------+---------+-------
        D:1 |      28 |       4 |  12.5 |      18 |       3 |  14.3
        D:2 |      73 |       0 |   0.0 |      28 |       0 |   0.0
        D:3 |      52 |      73 |  58.4 |      18 |       2 |  10.0
        D:4 |     254 |       0 |   0.0 |      23 |       0 |   0.0
        D:5 |     666 |     115 |  14.7 |      24 |       1 |   4.0
        D:6 |     834 |     580 |  41.0 |      13 |      12 |  48.0
        D:7 |     599 |      11 |   1.8 |      13 |       6 |  31.6
        D:8 |    1674 |     607 |  26.6 |      27 |       1 |   3.6
        D:9 |    4428 |       0 |   0.0 |      41 |       0 |   0.0
       D:10 |    3316 |     302 |   8.3 |      15 |       3 |  16.7
       D:11 |    4397 |     694 |  13.6 |      20 |      19 |  48.7
       D:12 |    4397 |    5116 |  53.8 |      17 |       9 |  34.6
       D:13 |    5525 |    1532 |  21.7 |      16 |       3 |  15.8
       D:14 |   11522 |    7845 |  40.5 |      20 |      13 |  39.4
       D:15 |    7385 |    4866 |  39.7 |      14 |       9 |  39.1
     Lair:1 |    6807 |     551 |   7.5 |      26 |       4 |  13.3
     Lair:2 |    6026 |    1265 |  17.4 |      22 |       4 |  15.4
     Lair:3 |    7995 |    1333 |  14.3 |      21 |       4 |  16.0
     Lair:4 |    3130 |       0 |   0.0 |      14 |       0 |   0.0
     Lair:5 |   16856 |    9845 |  36.9 |      46 |      21 |  31.3
    Snake:1 |    6406 |    4645 |  42.0 |      12 |       8 |  40.0
    Snake:2 |   11621 |   12098 |  51.0 |      23 |      14 |  37.8
    Snake:3 |   14331 |    3312 |  18.8 |      26 |       3 |  10.3
      Orc:1 |    2528 |     428 |  14.5 |      19 |       8 |  29.6
      Orc:2 |    4214 |    6398 |  60.3 |      30 |      39 |  56.5
   Gauntlet |       0 |    5020 | 100.0 |       0 |      12 | 100.0
            +---------+---------+-------+---------+---------+-------
